 Dungeon Crawl Stone Soup version 0.31.0-11-ge490571c62 (webtiles) character file.

Game seed: 15031176629056754139

169 Gadfly the Insei (level 5, 0/41 HPs)
             Began as a Demonspawn Monk on Feb 1, 2024.
             Slain by Grinder (6 damage)
             ... on level 3 of the Dungeon.
             The game lasted 00:03:04 (1934 turns).

Gadfly the Insei (Demonspawn Monk)                  Turns: 1934, Time: 00:03:05

Health: 0/41       AC:  4    Str: 14    XL:     5   Next: 25%
Magic:  6/6        EV: 13    Int: 10    God:
Gold:   106        SH:  0    Dex: 15    Spells: 4/4 levels left

rFire   . .          .
                       - Unarmed
rCold   . . .        c - orb {light}
rNeg    . . .        t - +2 animal skin
rPois   .            (no helmet)
rElec   .            (no cloak)
rCorr   .            (no gloves)
SInv    .            (no boots)
Will    .....        (no amulet)
Stlth   +            (no ring)
HPRegen 0.26/turn    (no ring)
MPRegen 0.10/turn

%: no passive effects
@: glowing
A: claws 1, demonic guardian 1
a: no special abilities


You were on level 3 of the Dungeon.
You visited 1 branch of the dungeon, and saw 3 of its levels.

You collected 106 gold pieces.

Inventory:

Hand Weapons
 b - a +2 dagger of speed
 i - a +0 short sword of freezing
 j - a +5 dagger
Armour
 a - a +0 robe
 c - an orb of light (worn)
 k - the +5 ring mail of Disguise {Regen+}
   (You found it on level 2 of the Dungeon)

   Regen+:    It increases your rate of health regeneration.
 t - a +2 animal skin (worn)
Talismans
 h - a blade talisman
Wands
 l - a wand of iceblast (6)
 s - a wand of flame (19)
Scrolls
 e - 2 scrolls of poison
 m - 3 scrolls of fog
 o - a scroll of teleportation {unknown}
 q - a scroll of vulnerability
 r - a scroll of amnesia {unknown}
 u - a scroll of noise {unknown}
Potions
 d - a potion of ambrosia
 f - a potion of haste {unknown}
 g - a potion of cancellation {unknown}
 n - 2 potions of heal wounds {unknown}
 p - a potion of mutation {unknown}
 v - a potion of berserk rage {unknown}


   Skills:
 - Level 3.0 Fighting
 + Level 3.2 Dodging
 * Level 3.5 Unarmed Combat
 * Level 2.6 Invocations
 * Level 2.2 Evocations
 * Level 1.5 Shapeshifting


You had 4 spell levels left.
You didn't know any spells.
Your spell library was empty.

Dungeon Overview and Level Annotations

Branches:
Dungeon (3/15)

Altars:
Dithmenos

Annotations:
D:3 Grinder


Innate Abilities, Weirdness & Mutations

You have sharp fingernails.
A weak demonic guardian rushes to your aid.


Message History

Grinder gestures at you. You resist with significant effort.
Grinder blinks!
The adder bites you.
You can move again.
You closely miss the adder.
The adder is moderately wounded.
The adder bites you.
You are poisoned.
The adder poisons you!
You scratch the adder.
The adder is heavily wounded.
You feel sick. The adder barely misses you. The adder completely misses you.
You barely miss the adder.
The adder is heavily wounded.
You feel sick. The adder bites you but does no damage.
You barely miss the adder.
The adder is heavily wounded.
You feel sick. The adder barely misses you.
Unknown command.
You scratch the adder.
You kill the adder!
You feel sick.
You barely miss Grinder.
Grinder is moderately wounded.
You feel sick. Grinder hits you but does no damage.
You scratch Grinder.
Grinder is moderately wounded.
You feel sick. Grinder gestures at you. Pain shoots through your body!
* * * LOW HITPOINT WARNING * * *
A demonic guardian appears!
You closely miss Grinder.
Grinder is moderately wounded.
You feel sick.
You are no longer poisoned.
Grinder hits you.
You die...
Grinder says, "Hey, I wasn't done torturing you yet!"

# #..######## ######.#
###.[## ##.....<#
.)....# ##.#.#####
......# ###)###.##
####..#####..## ##.#
####........#)###.##
..###.########5#.##
#.............#.########
......#######...@5..?...
####### ############


You could see Grinder (ally target) and a friendly white imp (summoned).

Vanquished Creatures
  An orc priest (D:2)
  Robin (D:3)
  2 adders (D:3)
  2 dart slugs
  2 ribbon worms (D:2)
  9 orcs
  8 ball pythons
  4 endoplasms
  3 giant cockroaches
  13 goblins
  12 hobgoblins
  2 jackals (D:1)
  4 quokkas
  5 bats
  A frilled lizard (D:1)
  5 kobolds
  6 rats
80 creatures vanquished.

Vanquished Creatures (collateral kills)
  An orc (D:2)
  A goblin (D:1)
2 creatures vanquished.

Grand Total: 82 creatures vanquished

Notes
Turn   | Place    | Note
-------+----------+-------------------------------------------
     0 | D:1      | Gadfly the Demonspawn Monk began the quest for the Orb.
     0 | D:1      | Reached XP level 1. HP: 18/18 MP: 1/1
   164 | D:1      | Reached skill level 1 in Invocations
   164 | D:1      | Gained mutation: A weak demonic guardian rushes to your
                  | aid. [demonic ancestry]
   164 | D:1      | Reached XP level 2. HP: 23/24 MP: 2/2
   518 | D:1      | Reached skill level 1 in Evocations
   518 | D:1      | Gained mutation: You have sharp fingernails. [demonic
                  | ancestry]
   518 | D:1      | Reached XP level 3. HP: 29/29 MP: 4/4
   770 | D:2      | Identified the +5 ring mail of Disguise {Regen+}
   810 | D:2      | Reached skill level 1 in Shapeshifting
  1103 | D:2      | Reached XP level 4. HP: 24/35 MP: 5/5
  1481 | D:3      | Found a shadowy altar of Dithmenos.
  1713 | D:3      | Noticed Robin
  1724 | D:3      | Reached XP level 5. HP: 41/41 MP: 6/6
  1744 | D:3      | Killed Robin
  1913 | D:3      | Noticed Grinder
  1923 | D:3      | Paralysed by Grinder for 3 turns
  1934 | D:3      | Slain by Grinder

Illustrated notes

Levels and vault maps discovered:
D:1:      eino_arrival_water_star, layout_loops_ring
D:2:      minmay_alternating_diamond, layout_basic, kennysheep_crisscross,
          minmay_tromino_v4_a
D:3:      layout_loops_ring, grunt_dithmenos_smoke_and_mirrors, uniq_grinder,
          uniq_robin

Skill      XL: |  1  2  3  4 |
---------------+-------------+-----
Invocations    | 1 2 |  2.6
Unarmed Combat | 3 |  3.5
Evocations     | 1 2 |  2.2
Shapeshifting  | 1 |  1.5
Dodging        | 3 |  3.2
Fighting       | |  3.0

Action                     |  1- 3 |  4- 6 || total
---------------------------+-------+-------++-------
  Melee: Dagger            |   137 |    41 ||   178
         Unarmed           |     4 |   100 ||   104
    Use: Scroll            |     3 |     3 ||     6
         Potion            |       |     1 ||     1
 Armour: Robe              |    33 |       ||    33
         Ring mail         |    25 |    55 ||    80
         Animal skin       |       |    14 ||    14
  Dodge: Dodged            |    58 |    62 ||   120
